[Event "November 21 Late 2023"]
[Site "https://www.chess.com"]
[Date "2023.11.21"]
[Round "7"]
[White "Smirnov, Timofey"]
[Black "Harish, Neeraj"]
[Result "0-1"]
[Board "132"]
[TimeControl "180+1"]
[WhiteFideId "24176427"]
[BlackFideId "30958130"]
[WhiteElo "2245"]
[BlackElo "1866"]
[WhiteTeam "RUS"]
[BlackTeam "USA"]
[WhiteClock "0:00:00"]
[BlackClock "0:00:24"]

1. d4 d5 2. Bf4 Nf6 3. e3 c5 4. c3 Nc6 5. Nd2 Bf5 6. Qb3 Qb6 7. dxc5 Qxb3 8. axb3 e5 9. Bg3 Bxc5 10. Ngf3 Bd6 11. Nd4 Bd7 12. Nxc6 Bxc6 13. Nf3 Nd7 14. Nd4 O-O 15. Nf5 Bc7 16. Ne7+ Kh8 17. Nxc6 bxc6 18. b4 f5 19. Be2 f4 20. exf4 exf4 21. Bh4 Rae8 22. Kd2 Ne5 23. Rxa7 f3 24. gxf3 Bb8 25. Ra8 Nxf3+ 26. Bxf3 Rxf3 27. Bg3 Bf4+ 28. Bxf4 Rxa8 29. Bg3 Ra2 30. Kc2 h5 31. h4 Rf7 32. Re1 Rb7 33. Re6 c5 34. bxc5 Rbxb2+ 35. Kd3 Rd2+ 36. Ke3 Re2+ 37. Kd4 Rxe6 38. Kxd5 Re8 39. c6 Raa8 40. c7 Rac8 41. c4 Kg8 42. c5 Kf7 43. c6 Re2 44. Kd6 Rd2+ 45. Kc5 Ke6 46. Kb6 Rb2+ 47. Kc5 Rg8 48. f3 Rc2+ 49. Kb5 Kd5 50. Kb6 Rxc6+ 51. Kb7 Rc1 52. Bf4 Ke6 53. Bg5 Kd7 0-1

[Event "November 21 Late 2023"]
[Site "https://www.chess.com"]
[Date "2023.11.21"]
[Round "7"]
[White "Souza, Gustavo Horokoski De"]
[Black "Burke, Paul"]
[Result "1-0"]
[Board "133"]
[TimeControl "180+1"]
[WhiteFideId "2146584"]
[BlackFideId "2605767"]
[WhiteElo "1824"]
[BlackElo "1849"]
[WhiteTeam "BRA"]
[BlackTeam "CAN"]
[WhiteClock "0:00:20"]
[BlackClock "0:00:00"]

1. d4 a6 2. c4 d6 3. Nc3 g6 4. e4 h6 5. Be2 Bg7 6. Be3 Nd7 7. Qd2 e5 8. d5 Ne7 9. f3 f5 10. Rc1 f4 11. Bf2 O-O 12. b4 Nf6 13. Bd3 g5 14. Nge2 Qe8 15. c5 h5 16. b5 Ng6 17. b6 cxb6 18. cxd6 g4 19. Bxb6 gxf3 20. gxf3 Bd7 21. Rg1 Kh7 22. a3 Nh4 23. Kf2 Rc8 24. Na2 Rxc1 25. Qxc1 Qf7 26. Qc7 Rc8 27. Qxb7 Ng4+ 28. fxg4 f3 29. Ng3 hxg4 30. Nf5 Nxf5 31. exf5 Bf6 32. Rxg4 1-0

[Event "November 21 Late 2023"]
[Site "https://www.chess.com"]
[Date "2023.11.21"]
[Round "7"]
[White "Ramos Espinoza, Efren Andres"]
[Black "Manfroi, Alexander Giannini"]
[Result "1-0"]
[Board "134"]
[TimeControl "180+1"]
[WhiteFideId "6100538"]
[BlackFideId "22739335"]
[WhiteElo "2210"]
[BlackElo "1618"]
[WhiteTeam "PAN"]
[BlackTeam "BRA"]
[WhiteClock "0:02:38"]
[BlackClock "0:02:25"]

1. d4 Nf6 2. Nf3 e6 3. g3 c5 4. Bg2 Nc6 5. O-O d5 6. b3 g6 7. dxc5 Bxc5 8. Bb2 O-O 9. Nbd2 Re8 10. a3 Rb8 11. e3 Bf8 12. c4 Ne7 13. Bxf6 1-0

[Event "November 21 Late 2023"]
[Site "https://www.chess.com"]
[Date "2023.11.21"]
[Round "7"]
[White "Kniazev, Igor"]
[Black "Pein, Jonathan"]
[Result "0-1"]
[Board "135"]
[TimeControl "180+1"]
[WhiteFideId "4136349"]
[BlackFideId "417092"]
[WhiteElo "1862"]
[BlackElo "2192"]
[WhiteTeam "RUS"]
[BlackTeam "ENG"]
[WhiteClock "0:00:07"]
[BlackClock "0:01:18"]

1. e4 c6 2. d4 d5 3. Nc3 dxe4 4. Nxe4 Nd7 5. Nf3 Ngf6 6. Neg5 e6 7. Bc4 Bd6 8. Qe2 O-O 9. Nxf7 Rxf7 10. Bxe6 Nf8 11. Bxf7+ Kxf7 12. Qc4+ Nd5 13. Bg5 Qe8+ 14. Kf1 Be6 15. Qe2 h6 16. Re1 b5 17. h4 Kg8 18. Bd2 Nb6 19. Ne5 Nc4 20. Kg1 Nxd2 21. Qxd2 Rd8 22. Qe3 Bd5 23. h5 Ne6 24. Ng6 Qf7 25. Rh3 Ng5 26. Ne5 Nxh3+ 27. Qxh3 Bxe5 28. Rxe5 Rf8 29. f3 Qf4 30. Qd7 Qxd4+ 31. Kh2 Qxe5+ 0-1

[Event "November 21 Late 2023"]
[Site "https://www.chess.com"]
[Date "2023.11.21"]
[Round "8"]
[White "Nakamura, Hikaru"]
[Black "Le, Quang Liem"]
[Result "0-1"]
[Board "1"]
[TimeControl "180+1"]
[WhiteFideId "2016192"]
[BlackFideId "12401137"]
[WhiteElo "2874"]
[BlackElo "2665"]
[WhiteTeam "USA"]
[BlackTeam "VIE"]
[WhiteClock "0:00:06"]
[BlackClock "0:00:19"]

1. h4 d5 2. d4 c5 3. dxc5 Nf6 4. c3 e6 5. Bf4 Bxc5 6. e3 Nc6 7. Nf3 O-O 8. Nbd2 Ng4 9. Nb3 Bb6 10. Nbd4 f6 11. Bg3 e5 12. Nxc6 bxc6 13. Be2 Qe7 14. h5 Nh6 15. Nh4 f5 16. Qd2 Re8 17. Nf3 f4 18. Bh4 fxe3 19. fxe3 Qc5 20. Bg5 Nf7 21. b4 Qd6 22. Bh4 Qh6 23. Bf2 Nd6 24. Rh4 Ne4 25. Rxe4 dxe4 26. Nh2 Be6 27. c4 Rad8 28. Qc3 Rf8 29. c5 Bc7 30. Bh4 Rd3 31. Qc1 Rxe3 32. g3 Rxe2+ 33. Kxe2 Qxh5+ 34. Ke1 Bd8 35. Qd1 Qg6 36. Nf1 Bxh4 37. gxh4 Qg2 38. Qe2 Qxe2+ 0-1

[Event "November 21 Late 2023"]
[Site "https://www.chess.com"]
[Date "2023.11.21"]
[Round "8"]
[White "Carlsen, Magnus"]
[Black "Grischuk, Alexander"]
[Result "1-0"]
[Board "2"]
[TimeControl "180+1"]
[WhiteFideId "1503014"]
[BlackFideId "4126025"]
[WhiteElo "2887"]
[BlackElo "2699"]
[WhiteTeam "NOR"]
[BlackTeam "RUS"]
[WhiteClock "0:00:05"]
[BlackClock "0:00:02"]

1. h4 e5 2. c4 Nf6 3. Nc3 Bb4 4. Nf3 Bxc3 5. dxc3 d6 6. c5 O-O 7. cxd6 cxd6 8. g3 Nc6 9. Bg5 h6 10. Bxf6 Qxf6 11. Bg2 e4 12. Nd4 d5 13. O-O Bg4 14. f3 exf3 15. exf3 Be6 16. f4 Rad8 17. Qd2 Bf5 18. Rfe1 Qg6 19. Kf2 Be4 20. Rad1 f5 21. Qe2 Kh8 22. h5 Qf7 23. Rd2 Rfe8 24. Qd1 Kh7 25. Bf3 Ne7 26. c4 dxc4 27. Bxe4 fxe4 28. Rxe4 Nf5 29. Rxe8 Rxd4 30. Re5 Rxd2+ 31. Qxd2 Qxh5 32. Qd5 Qh2+ 33. Qg2 Qh5 34. Qxb7 Qd1 35. Qe4 Qd2+ 36. Qe2 Qd4+ 37. Kg2 g6 38. Re4 Qd5 39. Kh2 h5 40. Qxc4 Qd2+ 41. Re2 Qd1 42. Qc7+ Kh6 43. Qe5 Kh7 44. Qe4 Kh6 45. Rf2 a5 46. Qe5 Qg4 47. Qh8# 1-0

[Event "November 21 Late 2023"]
[Site "https://www.chess.com"]
[Date "2023.11.21"]
[Round "8"]
[White "Matlakov, Maxim"]
[Black "Nihal Sarin"]
[Result "0-1"]
[Board "3"]
[TimeControl "180+1"]
[WhiteFideId "4168003"]
[BlackFideId "25092340"]
[WhiteElo "2638"]
[BlackElo "2689"]
[WhiteTeam "RUS"]
[BlackTeam "IND"]
[WhiteClock "0:00:01"]
[BlackClock "0:00:05"]

1. d4 Nf6 2. c4 e6 3. Nc3 Bb4 4. e3 c5 5. Bd3 Nc6 6. Ne2 d5 7. cxd5 Nxd5 8. O-O cxd4 9. exd4 O-O 10. Re1 Nce7 11. a3 Bd6 12. Ne4 Bc7 13. N2g3 Ng6 14. Ng5 Ndf4 15. Bxf4 Bxf4 16. Nf3 Bd7 17. Nh5 Bc6 18. Bxg6 fxg6 19. Nxf4 Rxf4 20. Ne5 Rxd4 21. Qe2 Bd5 22. Rad1 Rxd1 23. Rxd1 Rc8 24. h3 Qg5 25. Ng4 h6 26. Qe3 Rc2 27. Qxg5 hxg5 28. b4 Rc3 29. Ne3 Bc6 30. Ra1 Kf7 31. Kf1 e5 32. Ke2 Rb3 33. Ra2 Ke6 34. Kd2 Rb1 35. Ke2 a6 36. Rd2 Ra1 37. Nc2 Rg1 38. Ne3 Ra1 39. Nc2 Bb5+ 40. Kf3 Rc1 41. Kg4 Kf6 42. Rd6+ Ke7 43. Rd2 Kf6 44. Rd6+ Ke7 45. Rd2 Ba4 46. Ne3 Bc6 47. Kxg5 Kf7 48. Ng4 Bxg2 49. Nxe5+ Ke6 50. Nxg6 Bc6 51. Re2+ Kd6 52. Ne5 Bb5 53. Re3 Rc2 54. f4 Rg2+ 55. Kf5 Ba4 56. Ke4 Bc2+ 57. Kf3 Rg1 58. h4 Bd1+ 59. Kf2 Rh1 60. Rd3+ Ke6 61. Kg2 Re1 62. Kf2 Rh1 63. Kg2 Re1 64. Rd2 Ba4 65. Nf3 Re3 66. Nd4+ Kf6 67. Ne2 Rxa3 68. Ng3 Bc6+ 69. Kh2 Rf3 70. Rd6+ Ke7 71. Rg6 Kf7 72. Rg5 Rxf4 73. Rxg7+ Kf8 74. Rc7 Rxh4+ 75. Kg1 Rxb4 76. Nf5 a5 77. Nd6 a4 78. Rc8+ Ke7 79. Nf5+ Ke6 80. Ne3 a3 81. Nc2 Rb1+ 82. Kf2 Rb2 83. Ke3 Rxc2 0-1

[Event "November 21 Late 2023"]
[Site "https://www.chess.com"]
[Date "2023.11.21"]
[Round "8"]
[White "Andreikin, Dmitry"]
[Black "Bortnyk, Olexandr"]
[Result "0-1"]
[Board "4"]
[TimeControl "180+1"]
[WhiteFideId "4158814"]
[BlackFideId "14120828"]
[WhiteElo "2741"]
[BlackElo "2725"]
[WhiteTeam "FID"]
[BlackTeam "UKR"]
[WhiteClock "0:00:00"]
[BlackClock "0:00:12"]

1. d4 Nf6 2. c4 d6 3. Nc3 g6 4. e4 Bg7 5. h3 O-O 6. Be3 e5 7. d5 Na6 8. Bd3 c6 9. Nge2 cxd5 10. cxd5 Bd7 11. O-O Nh5 12. Qb3 Nc5 13. Bxc5 dxc5 14. Qxb7 Nf4 15. Rfd1 Rb8 16. Qxa7 Bxh3 17. g3 Qg5 18. Qxc5 Rxb2 19. d6 Qg4 20. Qe3 Bg2 21. Bc4 Bf3 22. d7 Bf6 23. Nxf4 exf4 24. Nd5 Bg5 25. Qxf4 Qh5 0-1

[Event "November 21 Late 2023"]
[Site "https://www.chess.com"]
[Date "2023.11.21"]
[Round "8"]
[White "Erigaisi Arjun"]
[Black "Kovalev, Vladislav"]
[Result "1-0"]
[Board "5"]
[TimeControl "180+1"]
[WhiteFideId "35009192"]
[BlackFideId "13504398"]
[WhiteElo "2729"]
[BlackElo "2539"]
[WhiteTeam "IND"]
[BlackTeam "FID"]
[WhiteClock "0:01:42"]
[BlackClock "0:00:08"]

1. c4 g6 2. Nc3 Bg7 3. g3 e5 4. Bg2 d6 5. Nf3 f5 6. d3 Nf6 7. O-O O-O 8. b4 Nc6 9. b5 Ne7 10. a4 h6 11. a5 Rb8 12. Qb3 Kh8 13. b6 axb6 14. axb6 c6 15. c5 dxc5 16. Nxe5 Nfd5 17. Nxd5 cxd5 18. Bb2 Qd6 19. d4 c4 20. Qc3 Qe6 21. Ba3 Re8 22. Bxe7 Rxe7 23. Bxd5 Qxb6 24. Rfb1 Qd6 25. Nf7+ Rxf7 26. Bxf7 Bxd4 27. Qxc4 Bxa1 28. Rxa1 Bd7 29. Bd5 Bc6 30. Qd4+ Kh7 31. Bg8+ 1-0

[Event "November 21 Late 2023"]
[Site "https://www.chess.com"]
[Date "2023.11.21"]
[Round "8"]
[White "Krysa, Leandro"]
[Black "Theodorou, Nikolas"]
[Result "0-1"]
[Board "6"]
[TimeControl "180+1"]
[WhiteFideId "116807"]
[BlackFideId "4262875"]
[WhiteElo "2495"]
[BlackElo "2525"]
[WhiteTeam "ARG"]
[BlackTeam "GRE"]
[WhiteClock "0:00:26"]
[BlackClock "0:01:13"]

1. e4 e5 2. Nf3 Nc6 3. Bc4 Nf6 4. d3 Bc5 5. O-O a6 6. Nc3 h6 7. h3 O-O 8. Be3 d6 9. a4 Be6 10. Bxe6 fxe6 11. Ne2 Bxe3 12. fxe3 d5 13. Ng3 Qd6 14. c3 Rad8 15. b4 Ne7 16. Qe2 Ng6 17. a5 Kh7 18. Kh2 Rf7 19. Rad1 c5 20. Qb2 Qc7 21. Qa3 Rc8 22. Rc1 Rd7 23. Rfd1 Rcd8 24. exd5 e4 25. d6 Rxd6 26. bxc5 Rxd3 27. Rxd3 Rxd3 28. Rf1 Nh5 0-1

[Event "November 21 Late 2023"]
[Site "https://www.chess.com"]
[Date "2023.11.21"]
[Round "8"]
[White "Szpar, Milosz"]
[Black "Martinez Alcantara, Jose Eduardo"]
[Result "1-0"]
[Board "7"]
[TimeControl "180+1"]
[WhiteFideId "1184989"]
[BlackFideId "3805662"]
[WhiteElo "2446"]
[BlackElo "2703"]
[WhiteTeam "POL"]
[BlackTeam "PER"]
[WhiteClock "0:00:14"]
[BlackClock "0:00:19"]

1. Nf3 c5 2. c4 Nc6 3. Nc3 g6 4. e3 Bg7 5. d4 d6 6. d5 Na5 7. Bd2 Nf6 8. Bd3 O-O 9. h3 a6 10. O-O Bd7 11. e4 b5 12. b3 Ne8 13. Rc1 Nc7 14. Re1 e5 15. dxe6 fxe6 16. e5 Bc6 17. Ne4 Nb7 18. Bg5 Qd7 19. exd6 Nxd6 20. Nxc5 Qf7 21. Be4 Nxe4 22. Nxe4 h6 23. Bh4 bxc4 24. bxc4 Ne8 25. Nd4 Bxe4 26. Rxe4 g5 27. Bg3 Rd8 28. Rc2 e5 29. Bxe5 Nf6 30. Re1 Rfe8 31. Rd2 Qxc4 32. Bxf6 Bxf6 33. Nf5 Rxe1+ 34. Qxe1 Rxd2 35. Qxd2 h5 36. g3 Qe6 37. g4 hxg4 38. hxg4 Qe4 39. Qd1 a5 40. f3 Qc6 41. Kg2 a4 42. Qd3 Qb7 43. Kh3 Qc7 44. Qd5+ Kh7 45. Qe6 Bg7 46. Qe7 Qxe7 47. Nxe7 Bf6 48. Nd5 Be5 49. Nb6 a3 50. Nc4 Bb2 51. Kg2 Bc1 52. Kf1 Kg6 53. Ke2 Kf7 54. Kd3 Ke6 55. Kc2 Bf4 56. Nxa3 Kd5 57. Kd3 Kc5 58. Nc2 Kb5 59. Nd4+ Ka4 60. Ne6 Bc1 61. Ke4 Ka3 62. Kf5 Kxa2 63. Nxg5 Kb3 64. Ne6 Kc4 65. g5 Kd5 66. g6 Kd6 67. g7 Bh6 68. g8=Q Bg7 69. Qxg7 Kd5 70. Qd7+ Kc4 71. Qd4+ Kb5 72. Qc3 Ka6 73. Ng5 Ka7 74. Kg4 Ka8 75. Qb2 Ka7 76. f4 Ka6 77. f5 Ka7 78. f6 Ka6 79. f7 Ka7 80. f8=Q Ka6 81. Qa8# 1-0

[Event "November 21 Late 2023"]
[Site "https://www.chess.com"]
[Date "2023.11.21"]
[Round "8"]
[White "Xiong, Jeffery"]
[Black "mind1mover"]
[Result "1-0"]
[Board "8"]
[TimeControl "180+1"]
[WhiteFideId "2047640"]
[WhiteElo "2726"]
[BlackElo "2880"]
[WhiteTeam "USA"]
[WhiteClock "0:01:05"]
[BlackClock "0:00:00"]

1. d4 Nc6 2. e4 d6 3. Nf3 Nf6 4. Nc3 g6 5. Be3 Bg7 6. Qd2 a6 7. Bh6 Bxh6 8. Qxh6 Bg4 9. O-O-O Bxf3 10. gxf3 e6 11. d5 Ne5 12. dxe6 fxe6 13. Qe3 Nh5 14. f4 Ng4 15. Qf3 Qh4 16. Rd2 O-O 17. Qh3 Qxh3 18. Bxh3 Rxf4 19. Ne2 Rxe4 20. Nc3 Rc4 21. Rg1 Nhf6 22. f3 Rxc3 23. bxc3 Ne5 24. Bxe6+ Kg7 25. Rf2 Rf8 26. f4 Ne4 27. Rff1 Nxc3 28. fxe5 Ne2+ 29. Kd2 Nxg1 30. Rxg1 Rf2+ 31. Ke3 Rxh2 32. exd6 cxd6 33. Rf1 Rxc2 34. Rf7+ Kh6 35. Rxb7 Rc5 36. Bg8 Re5+ 37. Kd4 Kg5 38. Rxh7 Rf5 39. Ra7 a5 40. Ra6 Rf4+ 41. Ke3 Rf5 42. Rxd6 Rc5 43. Bd5 Kf5 44. Kd4 Rb5 45. Ra6 a4 46. Rxa4 Rb2 47. Ra3 1-0

[Event "November 21 Late 2023"]
[Site "https://www.chess.com"]
[Date "2023.11.21"]
[Round "8"]
[White "Remizov, Yaroslav"]
[Black "Bortnyk, Mykola"]
[Result "0-1"]
[Board "9"]
[TimeControl "180+1"]
[WhiteFideId "34134015"]
[BlackFideId "14120836"]
[WhiteElo "2420"]
[BlackElo "2592"]
[WhiteTeam "RUS"]
[BlackTeam "UKR"]
[WhiteClock "0:00:01"]
[BlackClock "0:00:19"]

1. e4 Nf6 2. e5 Nd5 3. Nc3 Nb6 4. d4 d6 5. f4 g6 6. Nf3 Bg7 7. Be2 O-O 8. O-O c5 9. dxc5 dxc5 10. Be3 Qc7 11. Nd2 Be6 12. a4 Rd8 13. Qe1 Nc6 14. a5 Nd5 15. Nxd5 Bxd5 16. c3 Nxa5 17. Bf3 Nc6 18. Ne4 b6 19. Qh4 Bxe4 20. Bxe4 e6 21. Bxc6 Qxc6 22. Rxa7 Qe4 23. Re1 Qf5 24. g4 Qd3 25. Rxa8 Rxa8 26. g5 Bf8 27. Qf2 b5 28. Qe2 Qf5 29. Qxb5 Qg4+ 30. Kh1 Qf3+ 31. Kg1 Ra2 32. Qe2 Qb7 33. Bc1 Ra4 34. Qg2 Qd7 35. Qc2 Ra1 36. Rd1 Qb7 37. Qe2 c4 38. Be3 Ra2 39. Rd2 Kg7 40. Bd4 h5 41. gxh6+ Kh7 42. h4 Bxh6 43. h5 Bxf4 44. hxg6+ fxg6 45. Rc2 Ra1+ 46. Kf2 Qh1 47. Qf3 Rf1+ 0-1

[Event "November 21 Late 2023"]
[Site "https://www.chess.com"]
[Date "2023.11.21"]
[Round "8"]
[White "Chigaev, Maksim"]
[Black "Taher, Yoseph Theolifus"]
[Result "1-0"]
[Board "10"]
[TimeControl "180+1"]
[WhiteFideId "4108116"]
[BlackFideId "7105347"]
[WhiteElo "2561"]
[BlackElo "2352"]
[WhiteTeam "ESP"]
[BlackTeam "INA"]
[WhiteClock "0:00:08"]
[BlackClock "0:00:09"]

1. d4 Nf6 2. c4 c5 3. Nf3 cxd4 4. Nxd4 Nc6 5. Nc3 g6 6. e4 Bg7 7. Be3 O-O 8. Be2 d6 9. O-O Bd7 10. h3 a5 11. Ndb5 a4 12. Rc1 Qa5 13. Qd2 Rfc8 14. Rb1 Ne5 15. Na3 Be6 16. Nd5 Qxd2 17. Bxd2 Nxe4 18. Nxe7+ Kf8 19. Nxc8 Nxd2 20. Nxd6 Nxf1 21. Bxf1 b6 22. Nab5 Rd8 23. b3 axb3 24. axb3 Ke7 25. Ne4 h6 26. Nec3 Rd2 27. Ra1 Nd3 28. Ra7+ Kd8 29. Ne4 Rd1 30. Nbc3 Re1 31. Ra8+ Kd7 32. Ra2 Nc1 33. Ra7+ Kd8 34. g4 Nxb3 35. Kg2 Rc1 36. Nd5 b5 37. Ra8+ Kd7 38. Ra7+ Kd8 39. Nd6 bxc4 40. Nxf7+ Bxf7 41. Rxf7 Be5 42. Nb4 c3 43. Nc6+ Ke8 44. Nxe5 c2 45. Bb5+ Kd8 46. Rd7+ Kc8 47. Ba6+ Kb8 48. Nc6+ Ka8 49. Ra7# 1-0

[Event "November 21 Late 2023"]
[Site "https://www.chess.com"]
[Date "2023.11.21"]
[Round "8"]
[White "Ibarra Jerez, Jose Carlos"]
[Black "Eljanov, Pavel"]
[Result "1/2-1/2"]
[Board "11"]
[TimeControl "180+1"]
[WhiteFideId "2226332"]
[BlackFideId "14102951"]
[WhiteElo "2634"]
[BlackElo "2598"]
[WhiteTeam "ESP"]
[BlackTeam "UKR"]
[WhiteClock "0:00:34"]
[BlackClock "0:01:00"]

1. e4 c6 2. Nf3 d5 3. d3 dxe4 4. dxe4 Qxd1+ 5. Kxd1 Nf6 6. Nbd2 g6 7. Ne5 Be6 8. f3 Bh6 9. Bc4 Bxc4 10. Ndxc4 Bxc1 11. Kxc1 Nfd7 12. Nd3 Kd8 13. a4 a5 14. c3 Kc7 15. Kc2 Nb6 16. Nxb6 Kxb6 17. Ne5 f6 18. Nc4+ Kc7 19. Rad1 Nd7 20. Rxd7+ Kxd7 21. Nb6+ Kc7 22. Nxa8+ Rxa8 23. Rd1 h5 24. h4 e5 25. Kb3 f5 26. Re1 f4 27. g3 fxg3 28. Rg1 Rf8 29. Rxg3 Rf6 30. Kc4 Kd6 31. b4 b6 32. bxa5 bxa5 33. Rg1 Kc7 34. Rg3 Kb6 35. Rh3 Rd6 36. Rg3 Rf6 37. Rh3 Rd6 38. Rg3 Rf6 1/2-1/2

[Event "November 21 Late 2023"]
[Site "https://www.chess.com"]
[Date "2023.11.21"]
[Round "8"]
[White "Kamsky, Gata"]
[Black "Rasulov, Vugar"]
[Result "1-0"]
[Board "12"]
[TimeControl "180+1"]
[WhiteFideId "2000024"]
[BlackFideId "13402390"]
[WhiteElo "2660"]
[BlackElo "2517"]
[WhiteTeam "USA"]
[BlackTeam "AZE"]
[WhiteClock "0:00:29"]
[BlackClock "0:00:00"]

1. d4 Nf6 2. Nf3 c5 3. d5 d6 4. Nc3 g6 5. e4 a6 6. a4 Bg4 7. Be2 Bxf3 8. Bxf3 Bg7 9. O-O O-O 10. Be2 Nbd7 11. a5 b5 12. axb6 Qxb6 13. Kh1 a5 14. f3 Rfb8 15. Ra2 Qb4 16. Bd2 Qb6 17. b3 h5 18. Qe1 Ne5 19. Na4 Qc7 20. Nb2 Qd7 21. f4 Neg4 22. Bd3 e6 23. dxe6 Qxe6 24. h3 Nh6 25. Nc4 d5 26. f5 gxf5 27. exd5 Qxe1 28. Bxe1 Nxd5 29. Rxa5 Rxa5 30. Bxa5 Nb4 31. Bxb4 cxb4 32. Bxf5 Re8 33. Bd3 Bd4 34. g3 Kg7 35. Kg2 Bc3 36. Rf4 Re1 37. Rh4 Ng8 38. Rxh5 Nf6 39. Rg5+ Kh6 40. Rf5 Kg7 41. g4 Re7 42. g5 Nd7 43. h4 Ne5 44. Nxe5 Rxe5 45. Rf3 Rc5 46. Kh3 f6 47. g6 Re5 48. Kg4 Re1 49. Bf5 Kh6 50. Rd3 Rg1+ 51. Kh3 Be5 52. Rf3 Rh1+ 53. Kg2 Rxh4 54. Kf2 Rh2+ 55. Ke3 Kg7 56. Kd3 Rh4 57. Be4 Rg4 58. Rh3 f5 59. Bxf5 Rd4+ 60. Ke3 Kf6 61. Rf3 Kg7 62. Bd3 Rg4 63. Rf7+ Kh6 64. Rh7+ Kg5 65. Kf3 Rg3+ 66. Ke4 Bc3 67. Kd5 Kf4 68. Ke6 Ke3 69. Kf7 Rf3+ 70. Kg8 Rg3 71. g7 Kd2 72. Bf5 Rg5 73. Be6 Kxc2 74. Kf7 Rxg7+ 75. Rxg7 Bxg7 76. Kxg7 Kc3 77. Kf6 1-0

[Event "November 21 Late 2023"]
[Site "https://www.chess.com"]
[Date "2023.11.21"]
[Round "8"]
[White "Muradli, Mahammad"]
[Black "Arabidze, Meri"]
[Result "1-0"]
[Board "13"]
[TimeControl "180+1"]
[WhiteFideId "13409301"]
[BlackFideId "13604040"]
[WhiteElo "2551"]
[BlackElo "2416"]
[WhiteTeam "AZE"]
[BlackTeam "GEO"]
[WhiteClock "0:00:09"]
[BlackClock "0:00:04"]

1. g3 d5 2. Bg2 e6 3. c4 Nf6 4. b3 Be7 5. Bb2 O-O 6. Nf3 b6 7. O-O Bb7 8. e3 c5 9. Qe2 Nbd7 10. Rd1 Rc8 11. Nc3 Qc7 12. Rac1 Qb8 13. cxd5 Nxd5 14. Nxd5 Bxd5 15. d4 Qb7 16. Ne1 Bxg2 17. Nxg2 Bf6 18. Ba3 Be7 19. Nf4 Rfe8 20. h4 cxd4 21. Rxc8 Qxc8 22. Bxe7 Rxe7 23. Rxd4 Re8 24. Qf3 h6 25. Kg2 Nf6 26. Rc4 Qd7 27. Rd4 Qc8 28. Rc4 Qd7 29. Qc6 Qxc6+ 30. Rxc6 e5 31. Nd3 Re7 32. Nb4 e4 33. Rc2 h5 34. Nc6 Rc7 35. Kf1 g6 36. Ke2 Kg7 37. b4 a6 38. a4 b5 39. a5 Nd5 40. Kd2 Kf6 41. Kc1 Kf5 42. Kb2 Kg4 43. Ne5+ Kh3 44. Rxc7 Nxc7 45. Nxf7 Kg2 46. Kb3 Kxf2 47. Ne5 Kxe3 48. Nxg6 Kf3 49. Nf4 e3 50. Kc2 e2 51. Kd2 Nd5 52. Nxe2 Nxb4 53. Nd4+ Kxg3 54. Kc3 Kg4 55. Kxb4 Kxh4 56. Nxb5 Kg3 57. Nd4 h4 58. Nf5+ Kg4 59. Nxh4 Kxh4 60. Kc5 Kg5 61. Kb6 Kf6 62. Kxa6 Ke7 63. Kb7 Kd6 64. a6 1-0

[Event "November 21 Late 2023"]
[Site "https://www.chess.com"]
[Date "2023.11.21"]
[Round "8"]
[White "Deac, Bogdan-Daniel"]
[Black "Vadim_Galchenko"]
[Result "1-0"]
[Board "14"]
[TimeControl "180+1"]
[WhiteFideId "1226380"]
[WhiteElo "2641"]
[BlackElo "2592"]
[WhiteTeam "ROU"]
[WhiteClock "0:01:41"]
[BlackClock "0:01:37"]

1. b3 e5 2. Bb2 Nc6 3. Nf3 e4 4. Nd4 Nxd4 5. Bxd4 d5 6. e3 Bf5 7. Bb2 Qg5 8. c4 O-O-O 9. cxd5 Rxd5 10. Nc3 Rd8 11. Qc2 Nf6 12. Nb5 c6 13. Nxa7+ Kb8 14. Nxc6+ bxc6 15. Qxc6 Bd6 16. Qb6+ Ka8 17. Bb5 Bd7 18. Qa6+ Kb8 19. Qxd6+ 1-0

[Event "November 21 Late 2023"]
[Site "https://www.chess.com"]
[Date "2023.11.21"]
[Round "8"]
[White "Paravyan, David"]
[Black "Jarmula, Lukasz"]
[Result "1-0"]
[Board "15"]
[TimeControl "180+1"]
[WhiteFideId "4194985"]
[BlackFideId "1160664"]
[WhiteElo "2566"]
[BlackElo "2372"]
[WhiteTeam "FID"]
[BlackTeam "POL"]
[WhiteClock "0:00:45"]
[BlackClock "0:00:07"]

1. e4 c6 2. Nf3 d5 3. Nc3 dxe4 4. Nxe4 Nf6 5. Qe2 Nxe4 6. Qxe4 Nd7 7. c3 Nf6 8. Qc2 Qa5 9. Bc4 Qf5 10. Qb3 e6 11. O-O Bd6 12. d4 O-O 13. Qd1 b6 14. Bd3 Qh5 15. Ne5 Qxd1 16. Rxd1 Bb7 17. Bf4 Rfd8 18. Be2 c5 19. Be3 Nd5 20. Bf3 Bxe5 21. dxe5 Nxe3 22. fxe3 Bxf3 23. gxf3 Kf8 24. Kf2 Ke7 25. f4 f6 26. exf6+ gxf6 27. e4 Rg8 28. Kf3 Rad8 29. a4 h5 30. a5 b5 31. a6 Rxd1 32. Rxd1 Rb8 33. Ra1 b4 34. c4 b3 35. Ke3 Kd6 36. Rg1 Rb6 37. Rg6 Rxa6 38. Kd3 Ke7 39. Kc3 Rd6 40. Rg7+ Kf8 41. Rxa7 Rd4 42. Rc7 Rxe4 43. Rxc5 Re3+ 44. Kb4 h4 45. Rh5 h3 46. c5 Ke7 47. Rh7+ Kd8 48. c6 Re2 49. Kxb3 Rxh2 50. Kc3 Rh1 51. Kb4 h2 52. Kb5 e5 53. f5 e4 54. Kb6 Rc1 55. Rxh2 Ke7 56. b4 Kd6 57. b5 Ke5 58. Kc7 Kxf5 59. b6 Kf4 60. b7 Rb1 61. Kb8 Rc1 62. c7 e3 63. c8=Q 1-0

[Event "November 21 Late 2023"]
[Site "https://www.chess.com"]
[Date "2023.11.21"]
[Round "8"]
[White "Nazari, Arad"]
[Black "Khismatullin, Denis"]
[Result "1/2-1/2"]
[Board "16"]
[TimeControl "180+1"]
[WhiteFideId "12577324"]
[BlackFideId "4142578"]
[WhiteElo "2100"]
[BlackElo "2552"]
[WhiteTeam "IRI"]
[BlackTeam "RUS"]
[WhiteClock "0:00:07"]
[BlackClock "0:00:07"]

1. e4 c5 2. Nf3 e6 3. d4 cxd4 4. Nxd4 Nf6 5. Nc3 Nc6 6. Nxc6 bxc6 7. e5 Nd5 8. Ne4 Qc7 9. f4 a5 10. c4 Bb4+ 11. Ke2 O-O 12. a3 Be7 13. cxd5 cxd5 14. Nd6 f6 15. Be3 fxe5 16. fxe5 Bxd6 17. exd6 Qxd6 18. Rc1 Rb8 19. Qd2 Qe5 20. b4 axb4 21. axb4 Rf4 22. Kd1 Rfxb4 23. Ba7 Rb2 24. Qd4 Qxd4+ 25. Bxd4 Ra2 26. Be5 Rba8 27. Be2 Ba6 28. Bxa6 R2xa6 29. Re1 d6 30. Bg3 e5 31. Rc7 d4 32. Kd2 Ra2+ 33. Kd3 Rxg2 34. Rb1 Kh8 35. Rbb7 Rg8 36. Rd7 h5 37. Rxd6 h4 38. Bxe5 Kh7 39. Rdd7 Kh6 40. Kxd4 g5 41. Rh7+ Kg6 42. Rhd7 Kf5 43. h3 Rd2+ 44. Ke3 Rxd7 45. Rxd7 Kxe5 46. Kf3 Kf5 47. Rd5+ Ke6 48. Rb5 Kf6 49. Kg4 Rc8 50. Rf5+ Ke6 51. Rxg5 Rc4+ 52. Kh5 Kf6 53. Rg6+ Kf7 54. Rg5 Kf6 55. Rg1 Ra4 56. Rg4 Rxg4 57. Kxg4 Kg6 58. Kxh4 Kh6 59. Kg3 Kg6 60. h4 Kh6 61. h5 Kxh5 1/2-1/2

[Event "November 21 Late 2023"]
[Site "https://www.chess.com"]
[Date "2023.11.21"]
[Round "8"]
[White "Galchenko, Matvey"]
[Black "Sydoryka, Vladyslav"]
[Result "1-0"]
[Board "17"]
[TimeControl "180+1"]
[WhiteFideId "24175480"]
[BlackFideId "14145928"]
[WhiteElo "2406"]
[BlackElo "2271"]
[WhiteTeam "FID"]
[BlackTeam "UKR"]
[WhiteClock "0:02:12"]
[BlackClock "0:00:27"]

1. e4 c6 2. d4 d5 3. exd5 cxd5 4. Bd3 Nc6 5. c3 Qc7 6. h3 g6 7. Nf3 Bf5 8. Be2 Bg7 9. O-O Nf6 10. Re1 O-O 11. Be3 Rfe8 12. Qc1 e5 13. dxe5 Nxe5 14. Nxe5 Qxe5 15. Nd2 Qc7 16. Nf3 Ne4 17. Nd4 Bd7 18. Bf3 Rad8 19. Qd1 a6 20. Qb3 Nc5 21. Qc2 Bc8 22. Rad1 Ne6 23. Nxe6 fxe6 24. Qb3 Bd7 25. Bb6 Qc6 26. Bxd8 Rxd8 27. Rxd5 1-0

[Event "November 21 Late 2023"]
[Site "https://www.chess.com"]
[Date "2023.11.21"]
[Round "8"]
[White "Zhigalko, Sergei"]
[Black "Goltsev, Dmitry"]
[Result "1-0"]
[Board "18"]
[TimeControl "180+1"]
[WhiteFideId "13502956"]
[BlackFideId "24176710"]
[WhiteElo "2616"]
[BlackElo "2370"]
[WhiteTeam "BLR"]
[BlackTeam "RUS"]
[WhiteClock "0:00:26"]
[BlackClock "0:00:01"]

1. e4 e6 2. d4 d5 3. e5 c5 4. c3 Nc6 5. Nf3 Qb6 6. Bd3 cxd4 7. O-O Bd7 8. Re1 Rc8 9. h4 Bc5 10. b4 Be7 11. b5 Na5 12. cxd4 Nc4 13. a4 h6 14. h5 Bb4 15. Nbd2 Ne7 16. Rb1 Bxd2 17. Bxd2 a5 18. Bc1 Nf5 19. Bc2 Qd8 20. Rb3 g5 21. Nh2 Kf8 22. Ng4 Kg7 23. Nf6 Nb6 24. f4 Rxc2 25. Qxc2 Nxd4 26. Qd3 Nxb3 27. Qxb3 Qe7 28. fxg5 hxg5 29. Qg3 Qb4 30. Qxg5+ Kf8 31. Rf1 Qd4+ 32. Be3 Qd3 33. Bc5# 1-0